Map: Lerilak Crest

Players

hydra

  • Race: Zerg Zerg
  • League: Master

WhaleTail (TooDming) - Winner!

  • Race: Zerg Zerg
  • League: Grandmaster

Event: NationWars III

VOD

https://youtu.be/hxainxPGDXA

Description

Time

  • Played on: Jan. 2, 2016, 11:30 a.m.
  • Length: 12:55
Show
View Real Time Build Order
Export as new Build Order

hydra Zerg 

Build Orders: Pool First, Zergling Baneling 

Get SALT Encoding   

  12  0:00  Drone  
  13  0:12  Overlord  
  13  0:16  Drone  
  14  0:30  Drone x2  
  14  0:34  Drone  
  17  0:45  Spawning Pool  
  17  0:47  Extractor  
  15  0:50  Drone  
  15  0:55  Drone  
  17  1:06  Drone  
  18  1:17  Hatchery  
  17  1:31  Queen  
  19  1:33  Zergling x2  
  19  1:36  Drone  
  21  1:43  Overlord  
  21  1:50  Metabolic Boost  
  21  1:54  Zergling x2  
  22  2:02  Spine Crawler  
  22  2:06  Queen  
  24  2:09  Baneling Nest  
  24  2:11  Zergling x4  
  24  2:22  Zergling x2  
  22  2:33  Zergling x2  
  23  2:39  Zergling x6  
  25  2:46  Zergling x2  
  26  2:53  Baneling x2  
  26  2:58  Zergling x2  
  26  3:07  Zergling x2  
  25  3:14  Zergling x6  
  25  3:18  Zergling x2  
  29  3:29  Hatchery  
  29  3:31  Zergling x2  
  29  3:44  Zergling x2  
  29  3:47  Zergling x2  
  29  3:48  Baneling x2  
  27  3:50  Zergling x4  
  29  3:57  Overlord  
  25  4:05  Zergling x2  
  25  4:06  Baneling x2  
  25  4:15  Zergling x2  
  25  4:19  Queen  
  26  4:25  Zergling x2  
  26  4:34  Baneling x2  
  26  4:35  Zergling x4  
  27  4:41  Zergling x4  
  26  4:55  Zergling x6  
  26  4:56  Zergling x2  
  30  5:02  Drone  
  30  5:03  Drone  
  30  5:05  Drone  
  31  5:10  Baneling x2  
  31  5:16  Drone  
  31  5:22  Drone  
  31  5:28  Drone x2  
  31  5:34  Drone x3  
  32  5:40  Drone  
  32  5:41  Drone  
  32  5:43  Drone  
  34  5:50  Zergling x4  
  34  5:55  Zergling x2  
  34  5:56  Zergling x2  
  37  6:02  Overlord  
  37  6:07  Drone  
  38  6:11  Drone  
  38  6:13  Drone  
  38  6:15  Queen  
  39  6:21  Drone  
  39  6:23  Drone x2  
  39  6:24  Drone, Baneling x2  
  40  6:28  Drone  
  41  6:34  Roach Warren  
  40  6:41  Extractor  
  40  6:43  Drone x3  
  40  6:46  Drone x2  
  43  6:50  Zergling x4  
  43  6:53  Zergling x2  
  43  6:54  Zergling x2  
  47  7:02  Overlord x2  
  46  7:10  Overlord  
  46  7:15  Roach x2  
  50  7:16  Roach  
  50  7:19  Overlord  
  50  7:22  Roach  
  54  7:25  Roach x2  
  54  7:27  Roach  
  60  7:35  Roach x2  
  63  7:38  Roach  
  63  7:43  Roach x3  
  71  7:50  Lair  
  71  7:53  Drone  
  71  7:54  Evolution Chamber  
  71  7:57  Extractor  
  71  7:58  Drone x3  
  73  8:00  Drone  
  73  8:03  Drone  
  75  8:07  Drone  
  76  8:13  Overlord  
  76  8:20  Zerg Missile Weapons Level 1  
  76  8:28  Hatchery  
  76  8:31  Roach x2  
  78  8:35  Roach x2  
  78  8:41  Roach x2  
  86  8:47  Glial Reconstitution  
  86  8:52  Overlord x2  
  86  8:59  Roach x3  
  89  9:12  Roach x5  
  99  9:19  Roach x2  
  99  9:22  Roach  
  105  9:28  Roach  
  105  9:29  Overseer  
  107  9:31  Overlord  
  106  9:38  Overlord  
  106  9:40  Roach  
  108  9:56  Roach x5  
  118  10:11  Roach x6  
  114  10:19  Roach x3  
  100  10:25  Drone x3  
  100  10:26  Drone  
  104  10:29  Zerg Missile Weapons Level 2  
  104  10:31  Drone  
  104  10:34  Drone  
  106  10:39  Extractor  
  105  10:44  Roach x3  
  105  10:47  Drone  
  112  10:53  Roach  
  112  10:54  Roach  
  116  11:02  Overlord x2  
  116  11:09  Queen  
  114  11:12  Roach  
  114  11:13  Roach x5  
  126  11:25  Roach x6  
  138  11:36  Ravager x2  
  138  11:39  Ravager  
  137  11:42  Extractor  
  137  11:43  Drone  
  137  11:44  Drone x2  
  137  11:45  Overlord x2  
  139  11:48  Roach x2  
  139  11:53  Overlord x2  
  139  12:06  Ravager x2  
  139  12:08  Ravager  
  139  12:20  Roach x7  
  133  12:29  Roach x4  
  108  12:32  Drone  
  108  12:33  Drone x4  
Show
View Real Time Build Order
Export as new Build Order

WhaleTail Zerg - Winner!

Build Orders: Pool First, Zergling Baneling 

Get SALT Encoding   

  12  0:00  Drone  
  13  0:14  Extractor  
  12  0:25  Spawning Pool  
  12  0:27  Drone  
  12  0:34  Drone  
  13  0:38  Drone  
  14  0:50  Overlord  
  14  1:12  Zergling x6  
  14  1:14  Metabolic Boost  
  17  1:24  Queen  
  19  1:29  Zergling x2  
  20  1:37  Zergling x2  
  21  1:44  Zergling x2  
  22  2:00  Hatchery  
  21  2:04  Zergling x2  
  22  2:15  Overlord  
  21  2:27  Drone  
  21  2:36  Drone  
  22  2:37  Baneling Nest  
  22  2:38  Drone  
  22  2:40  Drone  
  22  2:56  Zergling x6  
  24  3:12  Zergling x6  
  27  3:16  Queen  
  29  3:21  Baneling  
  29  3:22  Baneling  
  29  3:27  Baneling  
  29  3:28  Baneling  
  29  3:30  Zergling x2  
  29  3:35  Zergling x2  
  30  3:46  Zergling x6  
  33  3:58  Zergling x4  
  33  3:59  Zergling x2  
  35  4:05  Zergling x4  
  36  4:10  Baneling x3  
  35  4:17  Zergling x2  
  32  4:32  Zergling x2  
  32  4:33  Baneling x2  
  32  4:35  Zergling x6  
  29  4:54  Zergling x4  
  29  4:56  Zergling x2  
  31  5:00  Drone x2  
  31  5:01  Drone  
  32  5:07  Zergling x4  
  33  5:16  Baneling x3  
  33  5:18  Drone x2  
  35  5:27  Drone  
  33  5:29  Zergling x6  
  33  5:35  Drone  
  34  5:45  Drone, Overlord x2  
  35  6:04  Drone x4  
  35  6:05  Roach Warren  
  34  6:23  Zergling x6  
  36  6:31  Drone x3  
  36  6:32  Baneling x2  
  39  6:33  Extractor  
  39  6:37  Drone x2  
  40  6:45  Roach x3  
  40  6:46  Roach  
  47  6:50  Roach x2  
  51  7:01  Overlord  
  51  7:05  Lair  
  51  7:08  Evolution Chamber, Drone x2  
  52  7:13  Overlord  
  52  7:25  Drone x5  
  52  7:29  Baneling x5  
  57  7:36  Zergling x6  
  59  7:39  Zergling x2  
  59  7:40  Zergling x2  
  60  7:48  Overlord, Extractor  
  60  7:51  Drone  
  60  7:59  Drone x4  
  60  8:03  Roach  
  66  8:06  Roach  
  66  8:10  Glial Reconstitution  
  68  8:17  Roach  
  68  8:19  Roach x3  
  76  8:22  Baneling x3  
  76  8:36  Zerg Missile Weapons Level 1  
  76  8:37  Hatchery  
  76  8:39  Overlord x2  
  75  8:49  Overseer  
  75  8:52  Drone  
  75  8:53  Overlord x2  
  76  9:00  Drone x6  
  81  9:11  Drone x2  
  81  9:13  Roach x2  
  87  9:20  Overlord  
  87  9:22  Extractor  
  86  9:28  Ravager x2  
  86  9:29  Ravager x2  
  86  9:30  Roach x2  
  96  9:31  Roach  
  96  9:36  Roach  
  98  9:43  Roach x2  
  98  9:44  Roach  
  104  9:48  Overlord, Roach  
  104  9:49  Overlord  
  105  9:54  Roach x2  
  105  9:55  Roach  
  105  9:58  Roach  
  113  10:04  Roach  
  113  10:06  Roach  
  116  10:09  Roach  
  108  10:14  Roach  
  108  10:15  Roach x4  
  97  10:23  Roach x2  
  97  10:26  Roach  
  103  10:35  Ravager  
  104  10:38  Roach x3  
  110  10:47  Roach x3  
  116  10:52  Extractor  
  116  10:53  Roach x4  
  116  10:54  Roach  
  116  10:56  Roach  
  127  11:00  Roach x2  
  131  11:04  Roach  
  133  11:11  Overlord  
  133  11:12  Overlord  
  133  11:15  Queen  
  134  11:31  Drone  
  134  11:32  Drone x5  
  134  11:36  Ravager x5  
  137  11:47  Roach x7  
  151  11:56  Overlord x2  
  151  11:57  Overlord  
  151  12:07  Roach  
  135  12:23  Roach x8  
  135  12:24  Roach x2  
  135  12:27  Roach  
  131  12:30  Roach  
  131  12:31  Roach  
  122  12:45  Ravager  
Tags
 
Add a new tag
Caveats
  • Supply blocks, unpowered buildings, or Contaminate may cause inaccurate times.
  • Supply counts are checked every 10 seconds.